 Dungeon Crawl Stone Soup version 0.22-a0-815-gb582571 (webtiles) character file.

47 iamserjio the Firebug (level 3, -7/19 HPs)
             Began as a Tengu Fire Elementalist on July 23, 2018.
             Shot with an arrow by a centaur (14 damage)
             ... on level 3 of the Dungeon.
             The game lasted 00:05:29 (669 turns).

iamserjio the Firebug (Tengu Fire Elementalist)      Turns: 669, Time: 00:05:30

Health: -7/19      AC:  2    Str:  8    XL:     3   Next: 70%
Magic:  7/7        EV: 12    Int: 16    God:
Gold:   68         SH:  0    Dex: 14    Spells: 5/6 levels left

rFire    . . .     SeeInvis .   j - +0 short sword (drain)
rCold    . . .     Gourm    .   (no shield)
rNeg     . . .     Faith    .   a - +0 robe
rPois    .         Spirit   .   (helmet restricted)
rElec    .         Reflect  .   (no cloak)
rCorr    .         Harm     .   (no gloves)
MR       .....                  (boots unavailable)
Stlth    ++........             (no amulet)
HPRegen  0.06/turn              (no ring)
MPRegen  0.10/turn              (no ring)

@: no status effects
A: beak, talons 3
a: no special abilities


You were on level 3 of the Dungeon.
You were not hungry.

You visited 1 branch of the dungeon, and saw 3 of its levels.

You collected 68 gold pieces.

Inventory:

Hand Weapons
 b - a +0 club
 h - a +0 hunting sling
 j - a +0 short sword of draining (weapon)
 m - a +2 dagger of protection
 o - a cursed +0 falchion
Missiles
 i - 8 javelins (quivered)
Armour
 a - a +0 robe (worn)
Jewellery
 n - an uncursed ring of wizardry {unknown}
Scrolls
 d - a scroll of enchant armour {unknown}
 k - a scroll of teleportation {unknown}
 l - a scroll of identify {unknown}
 q - a scroll of enchant weapon {unknown}
 t - a scroll of remove curse {unknown}
 u - a scroll of amnesia {unknown}
Potions
 e - a potion of degeneration {unknown}
 f - a potion of haste {unknown}
 g - a potion of resistance {unknown}
 p - a potion of lignification {unknown}
 r - a potion of curing {unknown}
 s - a potion of mutation {unknown}
Comestibles
 c - 7 rations


   Skills:
 - Level 2.1 Dodging
 - Level 2.0 Stealth
 - Level 2.0 Spellcasting
 + Level 3.9 Conjurations
 + Level 3.9 Fire Magic


You had 5 spell levels left.
You knew the following spells:

 Your Spells              Type           Power        Failure   Level  Hunger
a - Flame Tongue          Conj/Fire      ##...        4%          1    #......

Your spell library contained the following spells:

 Spells                   Type           Power        Failure   Level  Hunger
 Fireball                 Conj/Fire      ##........   75%         5    ######.
 Conjure Flame            Conj/Fire      ##......     12%         3    ###....
 Throw Flame              Conj/Fire      ##....       6%          2    ###....
 Sticky Flame             Conj/Fire      ##......     38%         4    #####..
 Inner Flame              Hex/Fire       #.......     28%         3    ###....


Dungeon Overview and Level Annotations

Branches:
Dungeon (3/15)

Altars:
Uskayaw
The Shining One

Annotations:
D:2 Sigmund
D:3 sking99's ghost, amateur OpTm


Innate Abilities, Weirdness & Mutations

You have a beak for a mouth.
You have claws for feet.


Message History

You climb downwards.
Level annotation: Sigmund
There is a stone staircase leading up here.
You open the door.
There is an open door here.
t - a scroll labeled ZIF TUSKISYWA You open the door.
There is an open door here.
There is a stone staircase leading down here.
You climb downwards.
Level annotation: sking99's ghost, amateur OpTm
There is a stone staircase leading up here.
u - a scroll labeled WYANUCK KOCRE
c - 7 rations (gained 1)
A centaur comes into view. It is wielding a spear.
The centaur shouts!
The centaur unwields an uncursed spear.
The centaur wields a shortbow.
The centaur shoots an arrow.
The arrow hits you!
Ouch! That really hurt!
You die...

####### #######.....##
##...###......#
##.....#.......# ####
##..............###...
##..#..........#..##.##
##..##..........##..#.#
#.....................##
#..%...@♣♣♣♣♣♣.......<<.
#......♣♣ ♣♣.......#.
#......♣ ♣..)..#.#.
##.....♣ ♣....##.#.
###....♣ ♣...(.#.#.
##.....♣ ♣.........
#......♣ ♣.........
#...c... ....... .
#.......


You could see a centaur.

Vanquished Creatures
  An adder (D:2)
  An ooze (D:1)
  An adder skeleton (D:2)
  2 dart slugs (D:1)
  2 leopard geckos (D:1)
  2 giant cockroaches
  3 goblins
  4 hobgoblins (D:1)
  3 bats
  A frilled lizard (D:2)
  2 kobolds (D:1)
  5 rats (D:1)
27 creatures vanquished.

Notes
Turn   | Place    | Note
-------+----------+-------------------------------------------
     0 | D:1      | iamserjio the Tengu Fire Elementalist began the quest for the Orb.
     0 | D:1      | Reached XP level 1. HP: 10/10 MP: 4/4
    88 | D:1      | Reached XP level 2. HP: 5/15 MP: 0/6
   349 | D:2      | Noticed Sigmund
   382 | D:3      | Found a transporter.
   384 | D:3      | Noticed sking99's ghost (amateur OpTm)
   384 | D:3      | Noticed an ogre
   387 | D:3      | Noticed an ogre
   388 | D:3      | Found a transporter.
   481 | D:2      | Found a hide-covered altar of Uskayaw.
   491 | D:2      | Reached XP level 3. HP: 14/19 MP: 2/7
   517 | D:2      | Found a glowing golden altar of the Shining One.
   668 | D:3      | Noticed a centaur
   669 | D:3      | Shot with an arrow by a centaur

Vault maps used:
D:1:      minmay_arrival_checkered_box
D:2:      tso_metal_star, eat_drink_and_be_merry_uskayaw, uniq_sigmund
D:3:      lemuel_coloured_pillars_altar, nicolae_ru_great_annihilating_truth,
          gammafunk_ghost_smash, first_ration, kennysheep_decorative_pillar,
          minivault_5, item_on_display_a

Skill      XL: |  1  2 |
---------------+-------+-----
Conjurations   | 2 3 |  3.9
Dodging        | |  2.1
Stealth        | |  2.0
Spellcasting   | |  2.0
Fire Magic     | |  3.9

Action                   || total
-------------------------++-------
Melee: Unarmed           ||     2
       Kick              ||     3
       Peck              ||     2
       Club              ||     1
       Short sword       ||    14
 Cast: Flame Tongue      ||    36
 Stab: Sleeping          ||     1
Armor: Robe              ||    13
Dodge: Dodged            ||    27

Table legend:
 A = Spawn XP
 B = Non-spawn XP
 C = Spawn XP percentage of total XP
 D = Spawn monster count
 E = Non-spawn monster count
 F = Spawn count percentage of total count
 G = Total turns spent on level
                    A         B        C        D         E        F      G
               +---------+---------+-------+---------+---------+-------+---------
         Total |       0 |      68 |   0.0 |       0 |      27 |   0.0 |   669
               +---------+---------+-------+---------+---------+-------+---------
           D:1 |       0 |      42 |   0.0 |       0 |      20 |   0.0 |   404
           D:2 |       0 |      26 |   0.0 |       0 |       7 |   0.0 |   190
               +---------+---------+-------+---------+---------+-------+---------
